 Dungeon Crawl Stone Soup version 0.27-a0-984-g00e00afbbc (webtiles) character file.

Game seed: 6211594809357760689

715 Morbidden the Conjurer (level 7, -1/55 HPs)
             Began as a Yellow Draconian Conjurer on Apr 15, 2021.
             Was an Initiate of Vehumet.
             Succumbed to Edmund's poison
             ... on level 5 of the Dungeon.
             The game lasted 00:07:55 (7356 turns).

Morbidden the Conjurer (Yellow Draconian Conjurer)  Turns: 7356, Time: 00:07:56

Health: -1/55      AC:  7    Str:  9 (10) XL:     7   Next: 41%
Magic:  13/13      EV: 11    Int: 19 (20) God:    Vehumet [......]
Gold:   198        SH:  0    Dex:  6 (9)  Spells: 7/14 levels left

rFire    . . .     SeeInvis .   a - +1 dagger (venom)
rCold    . . .     Faith    .   (no shield)
rNeg     . . .     Spirit   .   (armour unavailable)
rPois    .         Reflect  .   (helmet restricted)
rElec    .         Harm     .   n - scarf {+Inv}
rCorr    +         Rampage  .   (no gloves)
Will     .....                  r - +0 pair of boots
Stlth    ++........             (no amulet)
HPRegen  0.18/turn              (no ring)
MPRegen  0.13/turn              (no ring)

@: lethally poisoned (-1 -> -20), short of breath
A: spit acid, AC +6, unfitting armour, cold-blooded, acid resistance
a: Breathe Acid, Renounce Religion, Evoke Invisibility


You were on level 5 of the Dungeon.
You worshipped Vehumet.
Vehumet was noncommittal.
You visited 1 branch of the dungeon, and saw 5 of its levels.

You collected 198 gold pieces.

Inventory:

Hand Weapons
 a - a +1 dagger of venom (weapon)
Missiles
 b - 16 javelins (quivered)
 q - 4 silver boomerangs
Armour
 n - a scarf of invisibility (worn)
 r - a +0 pair of boots (worn)
Wands
 v - a wand of charming (9)
Scrolls
 c - 2 scrolls of teleportation {unknown}
 d - a scroll of summoning {unknown}
 e - 2 scrolls of enchant armour {unknown}
 h - a scroll of immolation {unknown}
 i - a scroll of enchant weapon {unknown}
 j - a scroll of amnesia {unknown}
 m - 5 scrolls of identify {unknown}
 p - a scroll of fear {unknown}
 t - a scroll of silence {unknown}
Potions
 f - a potion of degeneration
 k - 2 potions of cancellation {unknown}
 l - a potion of haste {unknown}
 o - 3 potions of might
 s - a potion of lignification {unknown}
 u - a potion of brilliance {unknown}
 w - a potion of ambrosia {unknown}


   Skills:
 * Level 2.3 Fighting
 + Level 1.0 Short Blades
 + Level 2.1 Dodging
 + Level 2.7 Stealth
 + Level 1.4 Unarmed Combat
 * Level 4.1 Spellcasting
 * Level 6.8 Conjurations
 * Level 1.2 Translocations


You had 7 spell levels left.
You knew the following spells:

 Your Spells              Type           Power      Damage    Failure   Level
a - Magic Dart            Conj           100%       1d8       1%          1
b - Searing Ray           Conj           58%        3d5       1%          2
c - Iskenderun's Mystic   Conj/Tloc      19%        2d6       26%         4

Your spell library contained the following spells:

 Spells                   Type           Power      Damage    Failure   Level
 Dazzling Flash           Conj/Hex       32%        N/A       10%         3
 Fulminant Prism          Conj/Hex       8%         3d7       32%         4


Dungeon Overview and Level Annotations

Branches:
Dungeon (5/15)             Temple (0/1) D:5

Altars:
Vehumet

Shops:
D:1 (   D:5 =

Annotations:
D:3 2 runed translucent doors, Crazy Yiuf; UristMcRaven's ghost, amateur DEEE
D:5 Edmund


Innate Abilities, Weirdness & Mutations

You can spit globs of acid.
Your golden yellow scales are hard. (AC +6)
You cannot fit into any form of body armour.
You are cold-blooded and may be slowed by cold attacks.
You are resistant to acid. (rCorr)


Message History

You feel extremely sick.
* * * LOW HITPOINT WARNING * * *
You feel very sick.
The centaur zombie hits you but does no damage.
The centaur zombie kicks you but does no damage.
* * * LOW HITPOINT WARNING * * *
You feel very sick.
Unknown command.
It was a potion of degeneration.
There was something very wrong with that liquid.
You feel weakened.
You feel dopey.
You feel clumsy.
* * * LOW HITPOINT WARNING * * *
You feel very sick.
Unknown command.
It was a potion of heal wounds.
You feel much better.
You feel very sick.
Unknown command.
You feel very sick.
You feel sick.
Edmund looks more healthy.
You feel sick.
You feel sick.
You feel sick.
You feel sick.
You feel sick.
The centaur zombie is no longer covered in acid.
You feel sick.
You are no longer poisoned.
Edmund is no longer covered in acid.
Edmund asks, "Have you met my wondrous brother?"
Okay, then.
A phantom comes into view.
There is an open door here.
You feel much better.
Edmund hits you with a +4 flail of venom!!
* * * LOW HITPOINT WARNING * * *
You are lethally poisoned!
Unknown command.
Unknown command.
Unknown command.
You die...

.####.....#......#
..........#....#.#
..........# .....
..........####.###
.####W...........#
#......###.##.#
#......@Z..##.#
#......##..##.#
#....@.#...##.#
#......#...##.###
#......#........######
#....$.##.###.#.#.....
#.....(##...Z.#.#.....
........########.......
#...###### #....##.....
#... #.##.###'###
#.##.# #....


You could see Edmund (strong), a phantom and a centaur zombie.

Vanquished Creatures
  Grinder (D:3)
  An ogre (D:5)
  A killer bee (D:5)
  A hound (D:5)
  4 orc priests
  2 iguanas (D:5)
  An orc wizard (D:5)
  Robin (D:3)
  4 adders
  A shadow imp (D:4)
  A worm (D:4)
  2 dart slugs
  8 orcs
  9 ball pythons
  6 endoplasms
  8 giant cockroaches
  20 goblins
  6 hobgoblins
  2 jackals (D:2)
  3 quokkas
  7 bats
  4 frilled lizards
  11 kobolds
  4 rats
108 creatures vanquished.

Vanquished Creatures (others)
  2 withered plants (D:3)
2 creatures vanquished.

Grand Total: 110 creatures vanquished

Notes
Turn   | Place    | Note
-------+----------+-------------------------------------------
     0 | D:1      | Morbidden the Draconian Conjurer began the quest for the
                  | Orb.
     0 | D:1      | Reached XP level 1. HP: 14/14 MP: 3/3
   387 | D:1      | Found Cixod's Antique Weapon Boutique.
   409 | D:1      | Reached XP level 2. HP: 17/20 MP: 0/5
   553 | D:1      | Learned a level 2 spell: Searing Ray
   896 | D:1      | Found a faded altar of an unknown god.
  1188 | D:1      | Reached XP level 3. HP: 27/27 MP: 3/6
  1603 | D:2      | Reached skill level 1 in Fighting
  2427 | D:3      | Noticed Robin
  2461 | D:2      | Reached skill level 5 in Conjurations
  2461 | D:2      | Reached XP level 4. HP: 27/35 MP: 1/7
  2535 | D:3      | Noticed Grinder
  3037 | D:3      | Killed Robin
  3277 | D:3      | Paralysed by Grinder for 2 turns
  3284 | D:3      | Paralysed by Grinder for 2 turns
  3287 | D:3      | Killed Grinder
  3288 | D:3      | Reached skill level 1 in Unarmed Combat
  3288 | D:3      | Reached XP level 5. HP: 26/41 MP: 0/9
  3288 | D:3      | Reached XP level 6. HP: 30/48 MP: 0/10
  3466 | D:3      | Found a runed translucent door.
  3466 | D:3      | Noticed UristMcRaven's ghost (amateur DEEE)
  3897 | D:3      | Found a runed translucent door.
  3898 | D:3      | Noticed Crazy Yiuf
  4500 | D:4      | Reached skill level 6 in Conjurations
  5812 | D:4      | Learned a level 4 spell: Iskenderun's Mystic Blast
  5968 | D:4      | Found a radiant altar of Vehumet.
  6144 | D:4      | Became a worshipper of Vehumet
  6175 | D:5      | Entered Level 5 of the Dungeon
  6188 | D:5      | Your scales start taking on a golden yellow colour.
  6188 | D:5      | Reached XP level 7. HP: 49/55 MP: 6/12
  6188 | D:5      | Gained mutation: You are resistant to acid. (rCorr) [Yellow
                  | Draconian growth]
  6286 | D:5      | Reached skill level 1 in Translocations
  6291 | D:5      | Found Qukuoh's Jewellery Shoppe.
  6293 | D:5      | Found a staircase to the Ecumenical Temple.
  6694 | D:5      | Reached skill level 1 in Short Blades
  7314 | D:5      | Noticed Edmund
  7338 | D:5      | HP: 1/55 [poisoned by Edmund]
  7356 | D:5      | Succumbed to Edmund's poison

Illustrated notes

Levels and vault maps discovered:
D:1:      dpeg_arrival_shelter, layout_basic,
          shapermc_ecumenical_altar_mp_vishouse, serial_shops,
          nicolae_shop_competitors_out_of_business, minmay_stone_trees_medium,
          chequers_serial_rivers_large_a, grunt_decor_resistance
D:2:      layout_basic, minmay_misc_feat_chi
D:3:      layout_basic, gammafunk_ghost_grave, kennysheep_pointless_box,
          grunt_ministairs_15, uniq_grinder, uniq_robin, uniq_crazy_yiuf_cottage
D:4:      layout_layer_cave, lemuel_tele_altar
D:5:      layout_basic, minmay_temple_entry_arrows, serial_corexii_hall,
          chequers_hall_statues_y, corexii_hall_statues_l, serial_shops, shop,
          nicolae_underground_beach, uniq_edmund

Skill      XL: |  1  2  3  4  5  6  7 |
---------------+----------------------+-----
Fighting       | 1 2 |  2.3
Stealth        | 2 |  2.7
Conjurations   | 5 6 |  6.8
Dodging        | 2 |  2.1
Unarmed Combat | 1 |  1.4
Spellcasting   | 3 4 |  4.1
Translocations | 1 |  1.2
Short Blades   | 1 |  1.0

Action                   |  1- 3 |  4- 6 |  7- 9 || total
-------------------------+-------+-------+-------++-------
Melee: Unarmed           |    40 |    12 |       ||    52
       Tailslap          |     3 |     2 |     3 ||     8
       Dagger            |       |    16 |    39 ||    55
Throw: Javelin           |     1 |     2 |     1 ||     4
 Cast: Magic Dart        |    81 |    86 |     5 ||   172
       Searing Ray       |     1 |    11 |     1 ||    13
 Abil: Breathe Acid      |       |       |     7 ||     7
  Use: Scroll            |       |     1 |       ||     1
       Potion            |       |       |     3 ||     3
Armor: Skin              |    10 |    13 |    19 ||    42
Dodge: Dodged            |    27 |    27 |    30 ||    84

Table legend: (Time is in decaauts)
 A = Elapsed time spent in this place.
 B = Non-inter-level travel time spent in this place.
 C = Inter-level travel time spent in this place.
 D = Time resting spent in this place.
 E = Time spent auto-exploring this place.
 F = Levels seen in this place.
 G = Mean time per level.
                   A        B        C        D        E       F      G
               +--------+--------+--------+--------+--------+-----+--------+
         Total |   7368 |   7081 |    287 |    632 |   5777 |   5 | 1473.6 |
       Dungeon |   7368 |   7081 |    287 |    632 |   5777 |   5 | 1473.6 |
               +--------+--------+--------+--------+--------+-----+--------+

Top non-repeatable levels by time:
     D:4: 1789 daAuts
     D:3: 1508 daAuts
     D:2: 1500 daAuts
     D:1: 1389 daAuts
     D:5: 1179 daAuts
